 Dungeon Sprint DCSS version 0.30-a0-924-g0ad0bf95bc (webtiles) character file.

Game seed: 1608010371072878325

8113 Pimp the Cleaver (level 11, -14/162 HPs)
             Began as an Armataur Fighter on Mar 22, 2023.
             Was the Champion of Makhleb.
             Blown up by an eye of devastation (16 damage)
             ... with a bolt of energy
             ... while paralysed by a floating eye
             ... in the Dungeon (Sprint V: "Ziggurat Sprint").
             The game lasted 00:10:04 (673 turns).

Pimp the Cleaver (Armataur Fighter)                  Turns: 673, Time: 00:10:05

Health: -14/162    AC: 23    Str: 38      XL:     11   Next: 5%
Magic:  10/12      EV:  1    Int:  3 (4)  God:    Makhleb [******]
Gold:   0          SH:  0    Dex: 13      Spells: 12/12 levels left

rFire   + . .      SeeInvis .    D - +5 broad axe
rCold   + . .      Faith    .    E - +3 kite shield
rNeg    . . .      Spirit   .    k - +5 gold dragon scales
rPois   +          Reflect  .    F - +2 hat {Will+}
rElec   .          Roll     +    (no cloak)
rCorr   .          NoTele   +    G - +0 pair of gloves {Dex+3}
Will    +....                    (no barding) Stlth
                                 (no amulet)
HPRegen 0.47/turn                C - +6 ring of strength
MPRegen 0.13/turn                B - +6 ring of strength

@: paralysed, berserking, hasted, studying Translocations
A: large, rugged brown scales 3, deformed body, armoured tail, roll, long
tongue, awkward tongue, dopey 2, subdued magic 1
a: Renounce Religion, Minor Destruction, Lesser Servant of Makhleb, Major
Destruction, Greater Servant of Makhleb


You were in the Dungeon.
You worshipped Makhleb.
Makhleb was exalted by your worship.
You visited 1 branch

Inventory:

Hand Weapons
 a - a +0 war axe
 D - a +5 broad axe (weapon)
Armour
 b - a +0 scale mail
 c - a +0 buckler
 k - +5 gold dragon scales (worn)
 E - a +3 kite shield (worn)
 F - a +2 hat of willpower (worn)
 G - a +0 pair of gloves of dexterity (worn)
Jewellery
 o - a ring of magical power
 w - a ring of flight
 x - a +6 ring of dexterity
 y - a +6 ring of dexterity
 z - a +6 ring of intelligence
 A - a +6 ring of intelligence
 B - a +6 ring of strength (right hand)
 C - a +6 ring of strength (left hand)
 H - a +6 ring of dexterity
 I - a ring of protection from fire
Wands
 t - a wand of mindburst (7)
 u - a wand of iceblast (7)
 v - a wand of quicksilver (7)
Scrolls
 j - 4 scrolls of blinking
 p - 4 scrolls of amnesia
 q - 5 scrolls of fog
 r - 5 scrolls of identify
 s - 2 scrolls of fear
Potions
 d - 6 potions of might
 e - 9 potions of curing
 f - 6 potions of heal wounds
 g - 4 potions of haste
 h - 7 potions of magic
 i - 2 potions of berserk rage
 l - 2 potions of brilliance
 m - 2 potions of invisibility
 n - 4 potions of resistance


   Skills:
 + Level 10.6 Fighting
 + Level 14.5 Axes
 + Level 11.3 Armour
 * Level 9.9 Dodging
 + Level 10.9 Shields
 * Level 1.0 Spellcasting


You had 12 spell levels left.
You didn't know any spells.
Your spell library contained the following spells:

 Spells                   Type           Power      Damage    Failure   Level
 Kiss of Death            Conj/Necr      0%         2d5       100%        1
 Magic Dart               Conj           0%         1d3       100%        1
 Necrotise                Necr           0%         1d4       100%        1
 Sting                    Tmut/Pois      0%         1d3       100%        1
 Poisonous Vapours        Pois/Air       0%         N/A       100%        2
 Static Discharge         Conj/Air       0%         2-2/arc   100%        2
 Dazzling Flash           Conj/Hex       0%         N/A       100%        3
 Mephitic Cloud           Conj/Pois/Air  0%         N/A       100%        3
 Vampiric Draining        Necr           0%         2d6       100%        3
 Vhi's Electric Charge    Tloc/Air       0%         N/A       100%        3
 Leda's Liquefaction      Hex/Erth       0%         N/A       100%        4
 Olgreb's Toxic Radiance  Pois           0%         N/A       100%        4
 Agony                    Necr           0%         N/A       100%        5
 Arcjolt                  Conj/Air       0%         1d10      100%        5
 Blade Hands              Tmut           0%         N/A       100%        5
 Borgnjor's Vile Clutch   Necr/Erth      0%         N/A       100%        5
 Plasma Beam              Fire/Air       0%         2x1d11    100%        5
 Conjure Ball Lightning   Conj/Air       0%         3x3d6     100%        6
 Discord                  Hex            0%         N/A       100%        8
 Disjunction              Tloc           0%         N/A       100%        8


Dungeon Overview and Level Annotations

Branches:
Dungeon (1/1)

Altars:
Ashenzari
Cheibriados
Dithmenos
Elyvilon
Fedhas
Gozag
Hepliaklqana
Kikubaaqudgha
Makhleb
Nemelex Xobeh
Okawaru
Qazlal
Ru
Sif Muna
Trog
Uskayaw
Vehumet
Wu Jian
Xom
Yredelemnul
Zin
The Shining One
Jiyva
Lugonu

Annotations:
D 1 transporter


Innate Abilities, Weirdness & Mutations

You are completely covered in rugged brown scales. (AC +3, +7% HP)
Armour fits poorly on your strangely shaped body.
You have a long armoured tail.
You roll when moving toward enemies. (Rampage)
Your long tongue fully drains potion bottles. (2x potion effects)
Your tongue gives you trouble enunciating. (1.5x scroll delay)
You are very dopey. (Int -4)
Your spells are a little easier to cast, but a little less powerful.


Message History

You feel your intelligence returning.
Your Spellcasting skill increases to level 1!
You have reached level 11!
You closely miss the rockslime.
The golden eye turns its gaze towards you.
Your tail-slap misses the rockslime.
The rockslime is almost dead.
The rockslime closely misses you.
You bump into the unnaturally hard rock wall.
The floating eye gazes piercingly through you!
You suddenly lose the ability to move!
The golden eye blinks at you. You resist with almost no effort.
The rockslime hits you.
You hold your ground!
The golden eye blinks at you. You resist with almost no effort.
The golden eye blinks!
The rockslime hits you!!
* * * LOW HITPOINT WARNING * * *
You hold your ground!
The golden eye blinks at you.
You easily resist.
The rockslime hits you but does no damage.
The golden eye blinks!
The rockslime hits you.
* * * LOW HITPOINT WARNING * * *
You hold your ground!
The eye of devastation gazes at you. The bolt of energy hits you!
* * * LOW HITPOINT WARNING * * *
The golden eye blinks at you. You resist with almost no effort.
You feel less confused. The golden eye blinks at you.
You resist with almost no effort. The rockslime hits you!!
* * * LOW HITPOINT WARNING * * *
You hold your ground!
The golden eye blinks at you. You resist with some effort.
The eye of devastation gazes at you. The bolt of energy hits you!
You die...

▓G.))}::..▓..}[).)
▓..[:=)!..▓....)|.
▓.........▓.......
▓...G.....▓.......
▓.........▓...†††.
▓.G.......▓...†...
▓GJ.......▓.▓.....
▓G▓J....▓.▓....©..
▓@JG.©....▓▓▓▓▓▓▓▓
▓▓▓▓▓▓▓▓▓▓▓


You could see a rockslime, 2 eyes of devastation, a jelly, a floating eye, 2
golden eyes and an endoplasm.

Vanquished Creatures
  A glowing orange brain (D)
  4 shining eyes (D)
  3 ugly things (D)
  4 wolf spiders (D)
  An eye of devastation (D)
  2 tarantellas (D)
  A raiju (shapeshifter) (D)
  4 jumping spiders (D)
  A hog (shapeshifter) (D)
  A yak (shapeshifter) (D)
  A redback (D)
  An orc warrior (D)
  16 scorpions (D)
  A quasit (D)
  2 jellies (D)
  3 orc priests (D)
  5 orc wizards (D)
  3 orcs (D)
  An endoplasm (D)
  A jackal zombie (D)
56 creatures vanquished.

Notes
Turn   | Place    | Note
-------+----------+-------------------------------------------
     0 | D        | Pimp the Armataur Fighter began the quest for the Orb.
     0 | D        | Reached XP level 1. HP: 19/19 MP: 1/1
    15 | D        | Found a shimmering blue altar of Sif Muna.
    15 | D        | Found a sacrificial altar of Ru.
    15 | D        | Found a bloodstained altar of Trog.
    15 | D        | Found a stormy altar of Qazlal.
    15 | D        | Found an iron altar of Okawaru.
    15 | D        | Found a sparkling altar of Nemelex Xobeh.
    15 | D        | Found a blossoming altar of Fedhas.
    15 | D        | Found the +6 Majin-Bo {spellvamp, MP+6 Int+6}
    15 | D        | Found the +27 heavy crossbow "Sniper" {heavy, Acc+∞ SInv}
    15 | D        | Found the +10 dark maul {heavy}
    15 | D        | Found the +15 Maxwell's patent armour {-Cast -Tele rElec
                  | Will+ rCorr}
    15 | D        | Found the +18 shield of the Gong {Loud rN+ Will+ rCorr
                  | EV-5}
    15 | D        | Found the +16 obsidian axe {drain, demonic, Mesm Drain Fly
                  | SInv}
    15 | D        | Found the +7 great mace "Firestarter" {flame, inner flame,
                  | rFlCloud rF++}
    15 | D        | Found the +6 shillelagh "Devastator" {shatter}
    15 | D        | Found the +11 plutonium sword {Contam Stlth-}
    15 | D        | Found the +8 lance "Wyrmbane" {slay drac, rPois rF+ rC+
                  | AC+3}
    15 | D        | Found the +9 sword of Zonguldrok {reap}
    15 | D        | Found the +13 scythe of Curses {drain, curses, Drain}
    15 | D        | Found the +9 sword of Power {lifebolt}
    15 | D        | Found the +7 mace of Variability {chaos, chain chaos}
    15 | D        | Found the +11 Singing Sword {sonic wave}
    15 | D        | Found the +8 storm bow {elec, penet}
    17 | D        | Found a transporter.
    17 | D        | Found an ancient bone altar of Kikubaaqudgha.
    17 | D        | Found a viscous altar of Jiyva.
    17 | D        | Found a corrupted altar of Lugonu.
    17 | D        | Found a hazy altar of Hepliaklqana.
    17 | D        | Found a burning altar of Makhleb.
    17 | D        | Found an opulent altar of Gozag.
    97 | D        | Became a worshipper of Makhleb the Destroyer
   107 | D        | Reached skill level 3 in Axes
   107 | D        | Reached skill level 5 in Armour
   107 | D        | Reached skill level 5 in Shields
   107 | D        | Reached XP level 2. HP: 29/29 MP: 2/2
   107 | D        | Reached XP level 3. HP: 36/36 MP: 3/3
   108 | D        | Entered arena 2.
   108 | D        | Found a transporter.
   117 | D        | Entered arena 3.
   117 | D        | Noticed a scorpion
   117 | D        | Noticed a scorpion
   117 | D        | Noticed a scorpion
   117 | D        | Found a transporter.
   120 | D        | Killed a scorpion
   120 | D        | Reached * piety under Makhleb
   121 | D        | Reached skill level 5 in Fighting
   121 | D        | Reached skill level 4 in Axes
   121 | D        | Reached XP level 4. HP: 44/44 MP: 4/4
   121 | D        | Killed a scorpion
   122 | D        | Reached XP level 5. HP: 53/53 MP: 5/5
   123 | D        | Reached skill level 5 in Axes
   123 | D        | Reached skill level 5 in Dodging
   130 | D        | Entered arena 4.
   130 | D        | Noticed a tarantella
   130 | D        | Found a transporter.
   141 | D        | Reached ** piety under Makhleb
   142 | D        | Reached XP level 6. HP: 48/62 MP: 6/6
   145 | D        | Reached skill level 6 in Axes
   154 | D        | Killed a tarantella
   154 | D        | Reached *** piety under Makhleb
   155 | D        | Reached skill level 7 in Axes
   155 | D        | Reached XP level 7. HP: 62/70 MP: 7/7
   192 | D        | Entered arena 5.
   192 | D        | Found a transporter.
   199 | D        | Reached **** piety under Makhleb
   203 | D        | Got the Vellum of Kinetic Energy and the Quarry
   207 | D        | Entered arena 6.
   207 | D        | Noticed a jumping spider
   207 | D        | Found a transporter.
   215 | D        | Reached skill level 8 in Axes
   220 | D        | Killed a jumping spider
   220 | D        | Reached ***** piety under Makhleb
   221 | D        | Reached XP level 8. HP: 55/79 MP: 8/8
   232 | D        | Entered arena 7.
   232 | D        | Noticed a shining eye
   232 | D        | Noticed a shining eye
   232 | D        | Noticed a shining eye
   232 | D        | Noticed an eye of devastation
   237 | D        | Gained mutation: You are dopey. (Int -2) [a shining eye]
   240 | D        | Killed a shining eye
   240 | D        | Gained mutation: Your spells are a little easier to cast,
                  | but a little less powerful. [a shining eye]
   241 | D        | Reached skill level 9 in Axes
   241 | D        | Killed a shining eye
   242 | D        | Reached skill level 10 in Axes
   242 | D        | Reached skill level 10 in Armour
   246 | D        | Killed an eye of devastation
   246 | D        | Found a transporter.
   247 | D        | Reached XP level 9. HP: 49/87 MP: 9/9
   247 | D        | Killed a shining eye
   248 | D        | Reached skill level 11 in Axes
   462 | D        | Entered arena 8.
   462 | D        | Noticed a wolf spider
   463 | D        | Found a transporter.
   467 | D        | Killed a wolf spider
   467 | D        | Reached ****** piety under Makhleb
   468 | D        | Reached skill level 12 in Axes
   481 | D        | Got the Enchiridion on Macabre Gases
   509 | D        | Entered arena 9.
   509 | D        | Found the +10 morningstar "Eos" {elec, Halo rElec}
   509 | D        | Noticed an entropy weaver
   509 | D        | Noticed a meliai
   509 | D        | Noticed a green ugly thing
   509 | D        | Noticed a brown ugly thing
   509 | D        | Noticed a shining eye
   509 | D        | Noticed a green ugly thing
   511 | D        | Found a transporter.
   514 | D        | a meliai changed into a yak
   517 | D        | an entropy weaver changed into a hog
   517 | D        | Gained mutation: You are very dopey. (Int -4) [a shining
                  | eye]
   519 | D        | Killed a shining eye
   520 | D        | Reached XP level 10. HP: 97/97 MP: 10/10
   524 | D        | Killed a red ugly thing
   524 | D        | Killed a green ugly thing
   525 | D        | Reached skill level 13 in Axes
   528 | D        | Killed a green ugly thing
   529 | D        | Reached skill level 10 in Shields
   550 | D        | Entered arena 10.
   551 | D        | Found a transporter.
   556 | D        | Reached skill level 10 in Fighting
   580 | D        | Entered arena 11.
   580 | D        | Noticed a wolf spider
   580 | D        | Noticed a wolf spider
   580 | D        | Noticed a wolf spider
   581 | D        | Found a transporter.
   587 | D        | Killed a wolf spider
   588 | D        | Reached skill level 14 in Axes
   590 | D        | Killed a wolf spider
   593 | D        | Killed a wolf spider
   602 | D        | Got the Omnibus of the Gnat
   636 | D        | Entered arena 12.
   636 | D        | Noticed a rockslime
   636 | D        | Noticed an eye of devastation
   637 | D        | Noticed a glowing orange brain
   637 | D        | Noticed an eye of devastation
   637 | D        | Found a transporter.
   641 | D        | Paralysed by a floating eye for 3 turns
   647 | D        | Paralysed by a floating eye for 3 turns
   652 | D        | Paralysed by a floating eye for 2 turns
   667 | D        | Killed a glowing orange brain
   668 | D        | Reached skill level 1 in Spellcasting
   668 | D        | Reached XP level 11. HP: 82/108 MP: 10/12
   669 | D        | Paralysed by a floating eye for 4 turns
   673 | D        | HP: 2/162 [rockslime (24)]
   673 | D        | Blown up by an eye of devastation

Illustrated notes

Levels and vault maps discovered:
D:        sprint_v [room_start, room_1, room_2, room_3, room_4, room_5, room_6,
          room_7, room_8, room_9, room_10, room_11, room_12, room_13, room_14,
          room_15, room_16, room_17, room_18, room_19, room_20, room_21,
          room_22, room_23, room_24, room_25, room_26, room_27]

Skill      XL: |  1  2  3  4  5  6  7  8  9 10 |
---------------+-------------------------------+-----
Fighting       | 4 5 6 7 8 9 10 | 10.6
Axes           | 3 4 5 7 8 10 12 14 | 14.5
Armour         | 5 6 7 8 9 10 11 | 11.3
Dodging        | 4 5 6 7 8 9 |  9.9
Shields        | 5 6 7 8 9 10 | 10.9
Spellcasting   | 1 |  1.0

Action                     |  1- 3 |  4- 6 |  7- 9 | 10-12 || total
---------------------------+-------+-------+-------+-------++-------
  Melee: Broad axe         |     4 |    14 |    40 |    44 ||   102
         Tailslap          |       |     1 |     7 |     8 ||    16
    Use: Potion            |     1 |     2 |     2 |     8 ||    13
         Scroll            |       |       |     2 |       ||     2
 Armour: Gold dragon scale |    11 |    33 |    57 |    49 ||   150
  Dodge: Dodged            |     1 |     7 |    18 |    19 ||    45
  Block: Kite shield       |     6 |     4 |    40 |    39 ||    89

Table legend: (Time is in decaauts)
 A = Elapsed time spent in this place.
 B = Non-inter-level travel time spent in this place.
 C = Inter-level travel time spent in this place.
 D = Time resting spent in this place.
 E = Time spent auto-exploring this place.
 F = Levels seen in this place.
 G = Mean time per level.
                   A        B        C        D        E       F      G
               +--------+--------+--------+--------+--------+-----+--------+
         Total |    666 |    636 |     30 |    260 |      0 |   1 |  666.0 |
       Dungeon |    666 |    636 |     30 |    260 |      0 |   1 |  666.0 |
               +--------+--------+--------+--------+--------+-----+--------+

Top non-repeatable levels by time:
       D: 666 daAuts
